 Dungeon Crawl Stone Soup version 0.21.1-1-g345015f (webtiles) character file.

54 tev the Skirmisher (level 3, -5/30 HPs)
             Began as a Demonspawn Abyssal Knight on July 28, 2018.
             Was a Follower of Lugonu.
             Slain by Purgy (8 damage)
             ... on level 3 of the Dungeon.
             The game lasted 00:12:05 (2693 turns).

tev the Skirmisher (Demonspawn Abyssal Knight)      Turns: 2693, Time: 00:12:06

Health: -5/30      AC:  3    Str: 13    XL:     3   Next: 66%
Magic:  4/4        EV: 11    Int: 13    God:    Lugonu [*.....]
Gold:   127        SH:  0    Dex: 12    Spells: 2/2 levels left

rFire    . . .     SeeInvis .   a - +1 hand axe
rCold    . . .     Gourm    .   (no shield)
rNeg     . . .     Faith    .   b - +0 leather armour
rPois    .         Spirit   .   (no helmet)
rElec    .         Reflect  .   (no cloak)
rCorr    .         Harm     .   (no gloves)
MR       .....                  (no boots)
Stlth    +.........             (no amulet)
HPRegen  0.10/turn              (no ring)
MPRegen  0.09/turn              (no ring)

@: no status effects
A: powered by death 1
a: Depart the Abyss, Renounce Religion


You were on level 3 of the Dungeon.
You worshipped Lugonu.
Lugonu was aware of your devotion.
You were not hungry.

You visited 1 branch of the dungeon, and saw 3 of its levels.
You visited the Abyss 1 time.

You collected 127 gold pieces.

Inventory:

Hand Weapons
 a - a +1 hand axe (weapon)
Armour
 b - a +0 leather armour (worn)
Jewellery
 e - an uncursed ring of positive energy {unknown}
 r - an uncursed ring of wizardry {unknown}
Scrolls
 d - a scroll of fear {unknown}
 g - 4 scrolls of identify {unknown}
 h - a scroll of enchant armour {unknown}
 i - a scroll of noise {unknown}
 m - a scroll of fog {unknown}
 n - a scroll of teleportation {unknown}
 o - 2 scrolls of remove curse {unknown}
 s - 2 scrolls of immolation {unknown}
Potions
 f - a potion of degeneration {unknown}
 j - a potion of invisibility {unknown}
 k - 3 potions of haste {unknown}
 l - a potion of heal wounds {unknown}
 p - a potion of curing {unknown}
 q - a potion of flight {unknown}
 t - 2 potions of agility {unknown}
 u - a potion of berserk rage {unknown}
Comestibles
 c - 6 rations


   Skills:
 + Level 3.7 Fighting
 + Level 2.3 Axes
 + Level 2.3 Armour
 + Level 1.1 Dodging
 - Level 0.5 Stealth
 - Level 2.4 Invocations


You had 2 spell levels left.
You didn't know any spells.

Dungeon Overview and Level Annotations

Branches:
Dungeon (3/15)

Altars:

Annotations:
D:3 Purgy


Innate Abilities, Weirdness & Mutations

You regenerate a little health from kills.


Message History

Purgy claws you.
* * * LOW HITPOINT WARNING * * *
Purgy claws you.
* * * LOW HITPOINT WARNING * * *
You hit Purgy.
Purgy is severely wounded.
Purgy bites you but does no damage. Purgy claws you.
* * * LOW HITPOINT WARNING * * *
Purgy barely misses you.
You closely miss Purgy.
Purgy is severely wounded.
Purgy snarls, "My home!
Leave!"
Purgy barely misses you. Purgy claws you but does no damage. x2
Your leather armour prevents you from hitting Purgy.
Purgy is severely wounded.
Purgy closely misses you. Purgy misses you. Purgy claws you but does no damage.
You barely miss Purgy.
Purgy is severely wounded.
Purgy bites you!
You die...

.......>.##.#
#.####...##.#
.........##.# ######
.........##.#######....#
).....#.###.......#.##.#
......#.#########.#.##.#
###.###.. ...)......##.#
. #.. #.# #######.####.#
..##.##.###.....@T.# #.#
...................###.#
..##.##.###...####.....#
#..........# #.#####
#..#.#.#...# #.#
##.#.#.....####.#
#...###........# ###
#...###.######## ..#
#..........#


You could see Purgy.

Vanquished Creatures
  An adder (D:2)
  A leopard gecko (D:1)
  4 bats
  3 giant cockroaches
  5 goblins
  8 hobgoblins
  8 kobolds
  A quokka (D:2)
  2 frilled lizards
  4 rats
37 creatures vanquished.

Notes
Turn   | Place    | Note
-------+----------+-------------------------------------------
     0 | Abyss:1  | tev the Demonspawn Abyssal Knight began the quest for the Orb.
     0 | Abyss:1  | Reached XP level 1. HP: 18/18 MP: 2/2
    51 | Abyss:1  | Noticed a thrashing horror
    53 | D:1      | Escaped the Abyss
   493 | D:1      | Gained mutation: You regenerate a little health from kills. [demonic ancestry]
   493 | D:1      | Reached XP level 2. HP: 22/24 MP: 3/3
   507 | D:1      | Reached * piety under Lugonu
  1445 | D:2      | Reached XP level 3. HP: 30/30 MP: 4/4
  1479 | D:2      | Reached skill level 1 in Dodging
  2522 | D:3      | Noticed Purgy
  2693 | D:3      | Slain by Purgy

Skill      XL: |  1  2  3 |
---------------+----------+-----
Armour         | 2 |  2.3
Axes           | 2 |  2.3
Dodging        | 1 |  1.1
Fighting       | |  3.7
Stealth        | |  0.5
Invocations    | |  2.4

Action                   || total
-------------------------++-------
Melee: Hand axe          ||   145
Invok: Depart the Abyss  ||     1
  Use: Potion            ||     2
 Stab: Sleeping          ||     1
  Eat: Ration            ||     2
Armor: Leather armour    ||    53
Dodge: Dodged            ||   104
